 Dungeon Sprint DCSS version 0.29-a0-25-g7f48f510a0 (webtiles) character file.

Game seed: 13243194969297908709

1374 Jannitor the Nimble (level 8, -37/68 HPs)
             Began as a Djinni Gladiator on Jan 31, 2022.
             Was a Believer of Okawaru.
             Annihilated by a boulder beetle (51 damage)
             ... in the Dungeon (Sprint IX: "|||||||||||||||||||||||||||||").
             The game lasted 00:02:24 (486 turns).

Jannitor the Nimble (Djinni Gladiator)               Turns: 486, Time: 00:02:25

Health: -37/68     AC:  6    Str: 13    XL:     8   Next: 98%
Gold:   0          EV: 17    Int: 15    God:    Okawaru [**....] SH:  5 Dex: 15

rFire   + + .      SeeInvis .   k - +2 scimitar (flame)
rCold   x . .      Faith    .   h - +0 buckler
rNeg    . . .      Spirit   .   b - +0 leather armour
rPois   ∞          Reflect  .   l - +0 helmet
rElec   .          Harm     .   (no cloak)
rCorr   .          Rampage  .   (no gloves)
Will    .....      NoTele   +   (boots unavailable)
Stlth   +.........              (no amulet)
HPRegen 0.21/turn               n - +2 ring of protection
MPRegen 0.00/turn               m - +3 ring of intelligence

@: flying, hasted, very quick
A: sickness immunity, fire resistance 2, cold vulnerability 1, float, innate
caster, HP casting, extra vitality 1
a: Renounce Religion, Heroism


You were in the Dungeon.
You worshipped Okawaru.
Okawaru was pleased with you.
You visited 1 branch

Inventory:

Hand Weapons
 a - a +0 long sword
 k - a +2 scimitar of flaming (weapon)
Missiles
 d - 3 throwing nets (quivered)
Armour
 b - a +0 leather armour (worn)
 h - a +0 buckler (worn)
 l - a +0 helmet (worn)
Jewellery
 m - a +3 ring of intelligence (right hand)
 n - a +2 ring of protection (left hand)
Wands
 j - a wand of iceblast (9)
Scrolls
 i - 2 scrolls of blinking
Potions
 e - 4 potions of curing


   Skills:
 + Level 10.0 Fighting
 + Level 9.4 Long Blades
 - Level 2.0 Throwing
 + Level 11.2 Dodging
 + Level 4.6 Shields
 + Level 4.8 Spellcasting


You had 11 spell levels left.
You knew the following spells:

 Your Spells              Type           Power      Damage    Failure   Level
a - Freeze                Ice            72%        1d9       3%          1
b - Corpse Rot            Necr/Air       36%        N/A       6%          2
c - Passwall              Tmut/Erth      15%        N/A       6%          2
Your spell library was empty.

Dungeon Overview and Level Annotations

Branches:
Dungeon (1/1)

Altars:
Cheibriados
Dithmenos
Elyvilon
Fedhas
Gozag
Hepliaklqana
Kikubaaqudgha
Makhleb
Nemelex Xobeh
Okawaru
Qazlal
Ru
Sif Muna
Trog
Uskayaw
Vehumet
Wu Jian
Xom
Yredelemnul
Zin
The Shining One
Beogh
Jiyva
Lugonu


Innate Abilities, Weirdness & Mutations

You are immune to sickness and miasma.
You are immune to poison.
Your flesh is very heat resistant. (rF++)
You are vulnerable to cold. (rC-)
You float through the air rather than walking.
You learn spells naturally, not from books.
Your magical power is your life essence.
You have superior vitality. (+4 MHP)


Message History

You hit the cyclops. You burn the cyclops.
The cyclops is lightly wounded.
You feel much better.
The boulder beetle curls into a ball and begins rolling!
The cyclops hits you!!
* * * LOW HITPOINT WARNING * * *
Unknown command.
You slash the cyclops! You burn the cyclops.
The cyclops is moderately wounded.
You hit the cyclops. You burn the cyclops.
The cyclops is heavily wounded.
You slash the cyclops! You burn the cyclops.
The cyclops is heavily wounded.
The cyclops completely misses you.
You slice the cyclops!! You burn the cyclops!
You kill the cyclops!
Okawaru is honoured by your kill.
You feel like a meek peon again. The boulder beetle closely misses you.
The boulder beetle stops rolling and uncurls.
Your Fighting skill increases to level 10!
Your Dodging skill increases to level 11!
Your Shields skill increases to level 4!
The efreet gestures at you.
The fireball explodes!
The fireball engulfs you. You resist.
* * * LOW HITPOINT WARNING * * *
The fireball engulfs the efreet.
The efreet completely resists.
Your magical contamination has completely faded away.
You see here 4 large rocks.
Unknown command.
You hit the efreet.
The efreet is lightly wounded.
The boulder beetle curls into a ball and begins rolling!
The efreet barely misses you.
You slash the efreet!
The efreet is moderately wounded.
You feel better. The efreet hits you but does no damage.
The boulder beetle hits you!!!
Ouch! That really hurt!
You die... ▓▓▓▓▓▓▓▓▓▓▓▓▓▓▓▓▓▓▓▓▓ +c{R@B○'...[))'..[[.. ▓▓▓▓▓▓▓▓▓▓▓▓▓▓▓▓▓▓▓▓▓

You could see a boulder beetle (rolling), a centaur warrior and an efreet.

Vanquished Creatures
  2 cyclopes (D)
  A wyvern (D)
  An acid dragon (D)
  A centaur (D)
  3 ogres (D)
  A gnoll sergeant (D)
  An orc wizard (D)
  An adder (D)
  An adder zombie (D)
  2 goblins (D)
  A kobold (D)
  2 rats (D)
17 creatures vanquished.

Vanquished Creatures (others)
  A centaur (D)
1 creature vanquished.

Grand Total: 18 creatures vanquished

Notes
Turn   | Place    | Note
-------+----------+-------------------------------------------
     0 | D        | Jannitor the Djinni Gladiator began the quest for the Orb.
     0 | D        | Reached XP level 1. HP: 18/18 MP: 0/0
    35 | D        | Noticed an ogre
    35 | D        | Noticed an orc wizard
    35 | D        | Noticed an ogre
    35 | D        | Noticed an ogre
    43 | D        | Reached skill level 4 in Dodging
    43 | D        | Reached XP level 2. HP: 25/25 MP: 0/0
    45 | D        | Killed an ogre
    46 | D        | Reached skill level 5 in Fighting
    46 | D        | Reached skill level 5 in Long Blades
    46 | D        | Reached skill level 6 in Dodging
    46 | D        | Reached XP level 3. HP: 33/33 MP: 0/0
    46 | D        | Learned a level 1 spell: Freeze
    46 | D        | Reached XP level 4. HP: 39/39 MP: 0/0
    48 | D        | Killed an ogre
    49 | D        | Reached skill level 7 in Dodging
    49 | D        | Reached XP level 5. HP: 34/46 MP: 0/0
    49 | D        | Learned a level 2 spell: Corpse Rot
    51 | D        | Reached XP level 6. HP: 38/51 MP: 0/0
    54 | D        | Killed an ogre
    55 | D        | Reached skill level 8 in Dodging
   196 | D        | Found a snail-covered altar of Cheibriados.
   196 | D        | Found a shadowy altar of Dithmenos.
   196 | D        | Found a white marble altar of Elyvilon.
   196 | D        | Found a blossoming altar of Fedhas.
   196 | D        | Found an opulent altar of Gozag.
   197 | D        | Found a hazy altar of Hepliaklqana.
   198 | D        | Found a viscous altar of Jiyva.
   200 | D        | Found a corrupted altar of Lugonu.
   201 | D        | Found a burning altar of Makhleb.
   202 | D        | Found a sparkling altar of Nemelex Xobeh.
   203 | D        | Found an iron altar of Okawaru.
   204 | D        | Found a stormy altar of Qazlal.
   205 | D        | Found a sacrificial altar of Ru.
   207 | D        | Found a bloodstained altar of Trog.
   208 | D        | Found a hide-covered altar of Uskayaw.
   210 | D        | Found an ornate altar of the Wu Jian Council.
   211 | D        | Became a worshipper of Warmaster Okawaru
   212 | D        | Found a shimmering altar of Xom.
   213 | D        | Found a basalt altar of Yredelemnul.
   214 | D        | Found a glowing silver altar of Zin.
   215 | D        | Found a glowing golden altar of the Shining One.
   256 | D        | Noticed an acid dragon
   256 | D        | Noticed a wyvern
   261 | D        | Reached skill level 1 in Spellcasting
   262 | D        | Killed a wyvern
   263 | D        | Reached skill level 9 in Dodging
   269 | D        | Reached XP level 7. HP: 44/60 MP: 0/0
   269 | D        | Learned a level 2 spell: Passwall
   270 | D        | Reached * piety under Okawaru
   277 | D        | Killed an acid dragon
   457 | D        | Noticed a centaur warrior
   457 | D        | Noticed an efreet
   457 | D        | Noticed a cyclops
   457 | D        | Noticed a boulder beetle
   457 | D        | Noticed a cyclops
   459 | D        | HP: 3/60 [cyclops (29)]
   470 | D        | Killed a cyclops
   471 | D        | Reached skill level 10 in Dodging
   471 | D        | Reached XP level 8. HP: 35/67 MP: 0/0
   482 | D        | Killed a cyclops
   482 | D        | Reached ** piety under Okawaru
   483 | D        | Reached skill level 10 in Fighting
   483 | D        | Reached skill level 11 in Dodging
   486 | D        | Annihilated by a boulder beetle

Illustrated notes

Levels and vault maps discovered:
D:        linesprint [early_d, line_temple, items_1, d_10, items_2, lair_1,
          lair_end, items_3, orc_1, orc_end, items_4, d_15, swamp_1, shoals_1,
          snake_1, spider_1, d_20, vaults_1, items_5, swamp_end, shoals_end,
          snake_end, spider_end, vaults_end, d_27, items_6, zot_1, zot_end,
          crypt_end, forest_end, elf_end, slime_end, tomb_end, abyss_end,
          pan_hell_end]

Skill      XL: |  1  2  3  4  5  6  7  8 |
---------------+-------------------------+-----
Long Blades    | 3 5 6 7 9 |  9.4
Throwing       | 2 |  2.0
Fighting       | 3 5 6 8 9 10 | 10.0
Dodging        | 4 6 7 9 10 11 | 11.2
Spellcasting   | 2 4 |  4.8
Shields        | 3 4 |  4.6

Action                   |  1- 3 |  4- 6 |  7- 9 || total
-------------------------+-------+-------+-------++-------
Melee: Long sword        |    17 |     9 |       ||    26
       Punch             |       |     1 |       ||     1
       Scimitar          |       |     9 |    27 ||    36
Invok: Heroism           |       |       |     1 ||     1
Evoke: Wand              |       |       |     1 ||     1
  Use: Potion            |     1 |     1 |     5 ||     7
 Stab: Invisible         |       |     3 |     2 ||     5
Armor: Leather armour    |     5 |     4 |     3 ||    12
Dodge: Dodged            |     7 |    20 |    14 ||    41
Block: Buckler           |       |       |     1 ||     1

Table legend: (Time is in decaauts)
 A = Elapsed time spent in this place.
 B = Non-inter-level travel time spent in this place.
 C = Inter-level travel time spent in this place.
 D = Time resting spent in this place.
 E = Time spent auto-exploring this place.
 F = Levels seen in this place.
 G = Mean time per level.
                   A        B        C        D        E       F      G
               +--------+--------+--------+--------+--------+-----+--------+
         Total |    486 |    486 |      0 |    309 |     37 |   1 |  486.0 |
       Dungeon |    486 |    486 |      0 |    309 |     37 |   1 |  486.0 |
               +--------+--------+--------+--------+--------+-----+--------+

Top non-repeatable levels by time:
       D: 486 daAuts
